 Dungeon Crawl Stone Soup version 0.29-a0-322-g68df515428 (webtiles) character file.

Game seed: 7711589246966499858

1044 Bnni the Ruffian (level 8, -1/57 HPs)
             Began as an Octopode Fighter on Apr 5, 2022.
             Slain by an ice beast (6 damage)
             ... on level 5 of the Dungeon.
             The game lasted 00:05:53 (4536 turns).

Bnni the Ruffian (Octopode Fighter)                 Turns: 4536, Time: 00:05:54

Health: -1/57      AC:  1    Str: 15    XL:     8   Next: 25%
Magic:  0/8        EV: 13    Int: 11    God:
Gold:   178        SH:  4    Dex: 13    Spells: 7/7 levels left

rFire   . . .      SeeInvis .     - Unarmed
rCold   . . .      Faith    .   a - +0 buckler
rNeg    . . .      Spirit   +   (helmet restricted)
rPois   .          Reflect  .   r - amulet of guardian spirit
rElec   .          Harm     .   (no ring)
rCorr   .          Rampage  .   (no ring)
Will    .....                   (no ring)
Stlth   ++........              (no ring)
HPRegen 0.19/turn               (no ring)
MPRegen 0.11/turn               (no ring)
                                (no ring)
                                (no ring)

@: no status effects
A: almost no armour, amphibious, 8 rings, camouflage 1, gelatinous body 1,
(nimble swimmer 1), tentacles
a: no special abilities


You were on level 5 of the Dungeon.
You visited 1 branch of the dungeon, and saw 5 of its levels.

You collected 178 gold pieces.

Inventory:

Hand Weapons
 s - a +0 trident
Missiles
 i - 6 atropa-tipped darts
 v - 6 poisoned darts (quivered)
Armour
 a - a +0 buckler (worn)
Jewellery
 m - a ring of fire
 r - an amulet of guardian spirit (around mantle)
Wands
 p - a wand of flame (3)
 w - a wand of digging (3)
Scrolls
 c - 3 scrolls of enchant weapon {unknown}
 f - 3 scrolls of magic mapping {unknown}
 g - a scroll of summoning {unknown}
 k - 2 scrolls of vulnerability {unknown}
 n - a scroll of noise {unknown}
 o - a scroll of fear {unknown}
 t - a scroll of silence {unknown}
Potions
 b - a potion of might
 d - a potion of resistance
 e - a potion of lignification {unknown}
 h - a potion of attraction
 j - 4 potions of curing
 l - a potion of mutation
 q - a potion of magic {unknown}
 u - a potion of heal wounds {unknown}


   Skills:
 + Level 6.1 Fighting
 - Level 3.0 Dodging
 - Level 3.0 Shields
 * Level 7.9 Unarmed Combat


You had 7 spell levels left.
You didn't know any spells.
Your spell library contained the following spells:

 Spells                   Type           Power      Damage    Failure   Level
 Magic Dart               Conj           0%         1d3       43%         1
 Sting                    Tmut/Pois      0%         1d3       43%         1
 Call Imp                 Summ           0%         N/A       56%         2
 Poisonous Vapours        Pois/Air       0%         N/A       56%         2
 Conjure Flame            Conj/Fire      0%         6-21      80%         3
 Frozen Ramparts          Ice            0%         1d2       80%         3
 Ignite Poison            Fire/Tmut/Pois 0%         N/A       80%         3
 Mephitic Cloud           Conj/Pois/Air  0%         N/A       80%         3
 Spider Form              Tmut/Pois      0%         N/A       80%         3
 Tukima's Dance           Hex            0%         N/A       80%         3
 Ice Form                 Ice/Tmut       0%         N/A       99%         4
 Olgreb's Toxic Radiance  Pois           0%         N/A       99%         4
 Passage of Golubria      Tloc           0%         N/A       99%         4
 Sticky Flame             Conj/Fire      0%         2d3       99%         4
 Summon Ice Beast         Ice/Summ       0%         N/A       99%         4
 Yara's Violent Unravell  Hex/Tmut       0%         3d3       100%        5
 Infestation              Necr           0%         N/A       100%        8


Dungeon Overview and Level Annotations

Branches:
Dungeon (5/15)
 Temple: D:4-7

Altars:
Sif Muna
Uskayaw
Xom
Zin


Innate Abilities, Weirdness & Mutations

You cannot wear most types of armour.
You are amphibious.
You can wear up to eight rings at the same time.
Your skin changes colour to match your surroundings (Stealth+).
Your rubbery body absorbs attacks. (AC +1, EV +1)
((You are camouflaged when in or above water. (Stealth+)))
You have tentacles for arms and can constrict up to eight enemies at once.


Message History

You constrict the hound. You block the hound's attack.
You tentacle-slap the hound.
You kill the hound!
You bludgeon the ice beast!
The ice beast is moderately wounded.
The ice beast misses you.
You tentacle-slap the ice beast but do no damage.
The ice beast is moderately wounded.
The ice beast barely misses you.
You barely miss the ice beast. Your squeeze misses the ice beast.
The ice beast is moderately wounded.
The ice beast hits you. The ice beast freezes you!
* * * LOW HITPOINT WARNING * * *
You bludgeon the ice beast!
The ice beast is heavily wounded.
The ice beast hits you.
* * * LOW HITPOINT WARNING * * *
The ice beast freezes you!
* * * LOW HITPOINT WARNING * * *
You tentacle-slap the ice beast.
You squeeze the ice beast, but do no damage.
The ice beast is severely wounded.
The ice beast barely misses you.
You barely miss the ice beast.
The ice beast is severely wounded.
The ice beast closely misses you.
You tentacle-slap the ice beast.
The ice beast is severely wounded.
You completely miss the ice beast.
The ice beast is severely wounded.
The ice beast closely misses you.
You closely miss the ice beast.
The ice beast is severely wounded.
The ice beast closely misses you.
You closely miss the ice beast.
The ice beast is severely wounded.
The ice beast hits you.
* * * LOW HITPOINT WARNING * * *
The ice beast freezes you!
You die...

..... ######...##.
#...........
#.......... ..<
######........# ...
#<...........##.#
...
######....[......
... #.......##. ...
####@#### 5..
##Y#############...
#..................
##.............:...
#.................
#.........#.......
#.........#.......
#.........#####...
#.........# ...


You could see an ice beast.

Vanquished Creatures
  Grinder (D:4)
  Eustachio (D:4)
  A black bear (D:4)
  3 ogres
  A vampire bat (D:3)
  3 hounds
  Crazy Yiuf (D:2)
  An iguana (D:4)
  Terence (D:3)
  Robin (D:4)
  4 adders
  2 ufetubi (D:5)
  A worm (D:2)
  3 dart slugs (D:2)
  2 orcs
  4 ball pythons
  4 endoplasms
  10 goblins
  6 hobgoblins
  4 jackals (D:4)
  A quokka (D:3)
  11 bats
  4 frilled lizards
  9 kobolds
  5 rats
84 creatures vanquished.

Notes
Turn   | Place    | Note
-------+----------+-------------------------------------------
     0 | D:1      | Bnni the Octopode Fighter began the quest for the Orb.
     0 | D:1      | Reached XP level 1. HP: 16/16 MP: 1/1
   460 | D:1      | Reached XP level 2. HP: 19/21 MP: 2/2
  1046 | D:2      | Found a hide-covered altar of Uskayaw.
  1060 | D:2      | Reached skill level 3 in Unarmed Combat
  1060 | D:2      | Reached XP level 3. HP: 16/26 MP: 3/3
  1743 | D:2      | Reached XP level 4. HP: 15/33 MP: 4/4
  2190 | D:2      | Found a runed translucent door.
  2191 | D:2      | Noticed Crazy Yiuf
  2203 | D:2      | Killed Crazy Yiuf
  2204 | D:2      | Reached skill level 4 in Unarmed Combat
  2322 | D:2      | Found a faded altar of an unknown god.
  2568 | D:3      | Found a glowing silver altar of Zin.
  2639 | D:3      | Noticed an ogre
  2648 | D:3      | Killed an ogre
  2649 | D:3      | Reached XP level 5. HP: 37/37 MP: 5/5
  2676 | D:3      | Got the Incunabulum of Twisted Intoxication
  2678 | D:3      | Noticed Terence
  2687 | D:3      | Killed Terence
  2688 | D:3      | Reached skill level 5 in Unarmed Combat
  3077 | D:3      | Reached XP level 6. HP: 44/44 MP: 6/6
  3171 | D:4      | Noticed Eustachio
  3171 | D:4      | Found a shimmering blue altar of Sif Muna.
  3171 | D:4      | Found a shimmering altar of Xom.
  3182 | D:4      | Killed Eustachio
  3207 | D:4      | Noticed a black bear
  3217 | D:3      | Reached skill level 5 in Fighting
  3217 | D:3      | Reached skill level 6 in Unarmed Combat
  3217 | D:3      | Reached XP level 7. HP: 26/50 MP: 4/7
  3471 | D:4      | Noticed Robin
  3483 | D:4      | Killed Robin
  3915 | D:4      | Reached skill level 7 in Unarmed Combat
  3935 | D:4      | Noticed Grinder
  3947 | D:4      | Killed Grinder
  3948 | D:4      | Reached XP level 8. HP: 16/57 MP: 2/8
  4459 | D:5      | Entered Level 5 of the Dungeon
  4536 | D:5      | Slain by an ice beast

Illustrated notes

Levels and vault maps discovered:
D:1:      wander_arrival_peaceful_grave, layout_loops_ring, kennysheep_boxes
D:2:      layout_loops_ring, chequers_ecumenical_altar_simple_redux,
          basic_altar, uniq_crazy_yiuf_cottage
D:3:      layout_basic, lemuel_doored_altar, hangedman_decor_clover_reticule,
          roderic_batcave, uniq_terence
D:4:      layout_rooms, chequers_temple_overflow_statue_of_worship,
          uniq_grinder, uniq_robin, uniq_eustachio
D:5:      layout_basic, kennysheep_little_box,
          nicolae_concentric_dashed_squares_wild

Skill      XL: |  1  2  3  4  5  6  7 |
---------------+----------------------+-----
Unarmed Combat | 3 4 5 6 7 |  7.9
Fighting       | 4 5 6 |  6.1
Dodging        | |  3.0
Shields        | |  3.0

Action                   |  1- 3 |  4- 6 |  7- 9 || total
-------------------------+-------+-------+-------++-------
Melee: Unarmed           |    76 |    67 |    80 ||   223
       Constrict         |    20 |    14 |    15 ||    49
       Tentacles         |    14 |    15 |    16 ||    45
       Punch             |       |     4 |     3 ||     7
Throw: Dart              |       |     6 |       ||     6
Evoke: Wand              |       |     6 |     6 ||    12
  Use: Scroll            |       |     4 |       ||     4
 Stab: Sleeping          |     8 |     5 |       ||    13
Armor: Skin              |     3 |    11 |     7 ||    21
Dodge: Dodged            |    31 |    47 |    72 ||   150
Block: Buckler           |     9 |    11 |    23 ||    43

Table legend: (Time is in decaauts)
 A = Elapsed time spent in this place.
 B = Non-inter-level travel time spent in this place.
 C = Inter-level travel time spent in this place.
 D = Time resting spent in this place.
 E = Time spent auto-exploring this place.
 F = Levels seen in this place.
 G = Mean time per level.
                   A        B        C        D        E       F      G
               +--------+--------+--------+--------+--------+-----+--------+
         Total |   4523 |   4373 |    150 |    373 |   3385 |   5 |  904.6 |
       Dungeon |   4523 |   4373 |    150 |    373 |   3385 |   5 |  904.6 |
               +--------+--------+--------+--------+--------+-----+--------+

Top non-repeatable levels by time:
     D:2: 1467 daAuts
     D:4: 1089 daAuts
     D:1: 1016 daAuts
     D:3: 888 daAuts
     D:5: 61 daAuts
